 Dungeon Crawl Stone Soup version 0.21.0-25-ge575cb9 (webtiles) character file.

54647 Lanoc the Impaler (level 14, -14/121 HPs)
             Began as a Merfolk Monk on Jan 25, 2018.
             Was the Champion of Qazlal.
             Shot with a bolt by a yaktaur captain (34 damage)
             ... on level 15 of the Dungeon.
             The game lasted 01:15:22 (19011 turns).

Lanoc the Impaler (Merfolk Monk)                   Turns: 19011, Time: 01:15:23

Health: -14/121    AC: 13    Str: 11    XL:     14   Next: 73%
Magic:  0/22       EV: 18    Int: 10    God:    Qazlal [******]
Gold:   658        SH: 14    Dex: 21    Spells: 11/13 levels left

rFire    + . .     SeeInvis +   H - +1 halberd (flame)
rCold    . . .     Gourm    .   (shield currently unavailable)
rNeg     . . .     Faith    .   T - +2 scale mail {rF+}
rPois    .         Spirit   +   r - +0 helmet
rElec    .         Reflect  +   F - scarf {Spirit}
rCorr    .         Harm     .   (no gloves)
MR       ++...                  (no boots)
Stlth    +.........             u - +6 amulet of reflection
HPRegen  0.30/turn              J - ring of see invisible
MPRegen  0.18/turn              x - ring of protection from magic

@: protected from physical damage, very slightly contaminated, repel missiles
A: change form in water, swift swim, stealthy swim
a: Upheaval, Elemental Force, Disaster Area, Renounce Religion


You were on level 15 of the Dungeon.
You worshipped Qazlal.
Qazlal was exalted by your worship.
You were very hungry.

You visited 2 branches of the dungeon, and saw 16 of its levels.
You also visited: Ossuary.

You collected 658 gold pieces.

Inventory:

Hand Weapons
 b - a +2 trident of piercing
 y - a +2 spear of venom
 H - a +1 halberd of flaming (weapon)
 S - a cursed -2 glaive
Armour
 l - a +0 troll leather armour
 r - a +0 helmet (worn)
 F - a scarf of spirit shield (worn)
 T - a +2 scale mail of fire resistance (worn)
Jewellery
 a - an uncursed amulet of guardian spirit
 h - an uncursed ring of fire
 t - an uncursed ring of poison resistance
 u - a +6 amulet of reflection (around neck)
 x - a ring of protection from magic (right hand)
 J - a ring of see invisible (left hand)
Wands
 n - a wand of clouds (4)
 p - a wand of paralysis (22)
 v - a wand of flame (62)
 B - a wand of disintegration (11)
 L - a wand of random effects (14)
 R - a wand of scattershot (4)
Scrolls
 e - 5 scrolls of enchant armour
 f - 2 scrolls of enchant weapon
 i - 7 scrolls of teleportation
 m - 2 scrolls of magic mapping
 o - 6 scrolls of remove curse
 q - a scroll of immolation
 s - a scroll of fog
 D - a scroll of identify
 I - 3 scrolls of fear
 M - a scroll of amnesia
Potions
 d - a potion of curing
 j - a potion of magic
 w - a potion of heal wounds
 z - a potion of resistance
 A - a potion of ambrosia
 C - 2 potions of flight
 E - 3 potions of brilliance
 G - a potion of mutation
 K - a potion of cancellation
 O - a potion of berserk rage
Books
 g - a book of Clouds

   Spells                             Type                      Level
   a - Poisonous Vapours              Poison/Air                   2
   b - Mephitic Cloud                 Conjuration/Poison/Air       3
   c - Conjure Flame                  Conjuration/Fire             3
   d - Freezing Cloud                 Conjuration/Ice/Air          6
   e - Ring of Flames                 Charms/Fire                  7
 N - a book of Maledictions

   Spells                             Type                      Level
   a - Corona                         Hexes                        1
   b - Ensorcelled Hibernation        Hexes/Ice                    2
   c - Confuse                        Hexes                        3
   d - Tukima's Dance                 Hexes                        3
   e - Dazzling Spray                 Conjuration/Hexes            3
 U - a book of the Sky

   Spells                             Type                      Level
   a - Summon Lightning Spire         Summoning/Air                4
   b - Silence                        Hexes/Air                    5
   c - Deflect Missiles               Charms/Air                   6
   d - Conjure Ball Lightning         Conjuration/Air              6
   e - Tornado                        Air                          9
Miscellaneous
 P - a fan of gales
Comestibles
 c - 27 rations


   Skills:
 + Level 14.7 Fighting
 + Level 19.5 Polearms
 + Level 5.1 Armour
 + Level 13.7 Dodging
 - Level 2.1 Stealth
 * Level 10.6 Invocations


You had 11 spell levels left.
You knew the following spells:

 Your Spells              Type           Power        Failure   Level  Hunger
a - Animate Skeleton      Necr           N/A          89%         1    ##.....
b - Apportation           Tloc           #.....       89%         1    ##.....


Dungeon Overview and Level Annotations

Branches:
Dungeon (15/15)            Temple (1/1) D:5            Lair (0/6) D:9
    Orc (0/2) D:9          Vaults (0/5) D:13
 Depths: D:15

Altars:
Ashenzari
Cheibriados
Dithmenos
Elyvilon
Fedhas
Gozag
Hepliaklqana
Kikubaaqudgha
Makhleb
Nemelex Xobeh
Okawaru
Qazlal
Ru
Sif Muna
Trog
Uskayaw
Vehumet
Wu Jian
Xom
Yredelemnul
Zin
The Shining One

Shops:
D:14 (


Message History

You feel better.
You hear an angry hiss.
The wolf spider hits you. The wolf spider closely misses you.
The yaktaur captain hits you!
* * * LOW HITPOINT WARNING * * *
You feel more protected from physical attacks.
The wolf spider hits you but does no damage.
The wolf spider bites you!
* * * LOW HITPOINT WARNING * * *
Blink to where?
Press: ? - help, Dir - move target cursor, p - yaktaur captain You are very lightly contaminated with residual magic.
As you read the scroll of blinking, it crumbles to dust.
You hear an angry hiss.
You hear a shout!
Okay, then.
Okay, then.
You hear a shout! x2
The yaktaur captain wields an uncursed arbalest.
The yaktaur captain shoots a bolt.
The bolt hits you!!!
You die...

.# #' ...# .# #.#'# .#
..#..## .# #'#.#. .# #....
.# #.#§#.# ##########'#'##
#≈≈≈≈≈≈##.#@#.########+
#≈PPPP≈##.....(#......#
#≈..⌠.≈#.§##(.#'#..##.#
#≈....≈'#.(.#..#...#..# .
..##≈.P..≈#....#.#(#.##..#
#...##≈....('#(.....#.cs...#
#.#.##≈...8(###.#.####.#.#.#
..#.##≈._..≈≈#'#'######'#)#
....##≈....8≈≈≈≈≈≈≈≈##.#.#.#


You could see a yaktaur captain.

Vanquished Creatures
  Frances (D:14)
  A frost giant (D:15)
  Josephine (D:11)
  4 vault guards
  A yaktaur captain (D:15)
  A great orb of eyes (D:15)
  2 hydras (D:13)
  A catoblepas (D:14)
  4 centaur warriors
  6 two-headed ogres
  A tengu warrior (D:12)
  5 skeletal warriors
  4 unseen horrors
  The ghost of MenacingMecha the Destroyer, a novice TeCj of Vehumet (D:8)
  A faun (shapeshifter) (D:14)
  The ghost of HunterMK1337 the Basher, a novice HOFi of Qazlal (D:4)
  2 necromancers
  An oklob plant (D:6)
  6 cyclopes
  4 manticores
  3 deep elf magi
  An ugly thing (D:11)
  Maurice (D:10)
  Joseph (D:9)
  A gargoyle (D:12)
  An efreet (D:13)
  8 trolls
  7 slime creatures
  A meliai zombie (D:12)
  8 hippogriffs
  A spriggan (shapeshifter) (D:15)
  2 centaur simulacra
  4 flying skulls (D:11)
  A wyvern (D:12)
  2 wraiths (D:11)
  4 shadows
  26 yaks
  A spriggan (D:9)
  3 hungry ghosts
  2 vampire mosquitoes (D:12)
  3 wargs (D:9)
  Duvessa (D:7)
  6 ice beasts
  8 orc warriors
  A hornet zombie (D:11)
  3 eyes of draining
  3 sky beasts
  2 necrophages
  8 ogres
  2 phantoms
  A centaur (D:5)
  A crocodile (D:13)
  An elf zombie (D:5)
  2 big kobolds
  12 bullfrogs
  2 elf skeletons (D:5)
  2 gnoll sergeants
  4 water moccasin zombies
  A wyvern zombie (D:9)
  Dowan (D:7)
  A wyvern skeleton (D:13)
  6 scorpions
  A killer bee (D:9)
  8 wights
  A spriggan skeleton (D:12)
  An electric eel (D:14)
  6 howler monkeys
  10 centaur zombies
  3 crimson imps
  3 quasits
  A human zombie (D:5)
  5 jellies
  4 bullfrog zombies
  10 hounds
  8 orc priests
  8 centaur skeletons
  11 bullfrog skeletons
  7 iguanas
  22 orc wizards
  5 polar bear simulacra (D:14)
  8 worker ants
  2 yak simulacra (D:14)
  3 wolf simulacra (D:14)
  A big kobold zombie (Ossuary)
  2 mummies (Ossuary)
  2 hound zombies
  2 hound skeletons (D:11)
  2 worker ant zombies
  13 gnolls
  9 adders
  4 shadow imps
  An ooze (D:5)
  10 adder zombies
  6 worms
  5 dart slugs
  4 leopard geckos
  62 orcs
  4 bats
  5 giant cockroaches
  A gnoll zombie (Ossuary)
  5 goblins
  7 hobgoblins
  7 jackals
  3 quokkas
  2 ball pythons
  3 frilled lizards
  7 hobgoblin zombies (Ossuary)
  15 kobolds
  4 kobold zombies (Ossuary)
  A leopard gecko skeleton (D:8)
  2 orc skeletons (D:5)
  4 orc zombies (Ossuary)
  A quokka skeleton (D:5)
  7 rats
  A river rat simulacrum (D:14)
  A plant (D:6)
527 creatures vanquished.

Vanquished Creatures (others)
  A centaur warrior (D:13)
  An orc wizard (D:13)
2 creatures vanquished.

Grand Total: 529 creatures vanquished

Notes
Turn   | Place    | Note
-------+----------+-------------------------------------------
     0 | D:1      | Lanoc the Merfolk Monk began the quest for the Orb.
     0 | D:1      | Reached XP level 1. HP: 18/18 MP: 1/1
   137 | D:1      | Reached XP level 2. HP: 17/24 MP: 2/2
   171 | D:1      | Reached skill level 5 in Polearms
   684 | D:1      | Reached XP level 3. HP: 12/29 MP: 3/3
  1228 | D:2      | Reached skill level 6 in Polearms
  1270 | D:2      | Reached XP level 4. HP: 7/37 MP: 4/4
  2266 | D:2      | Reached XP level 5. HP: 34/42 MP: 5/5
  2284 | D:3      | Reached skill level 7 in Polearms
  3098 | D:4      | Noticed an ogre
  3115 | D:4      | Killed an ogre
  3115 | D:4      | Reached skill level 8 in Polearms
  3115 | D:4      | Reached skill level 5 in Dodging
  3115 | D:4      | Reached XP level 6. HP: 34/48 MP: 6/6
  3131 | D:4      | Noticed HunterMK1337's ghost (novice HOFi)
  3162 | D:4      | Killed HunterMK1337's ghost
  3162 | D:4      | Reached skill level 10 in Polearms
  3162 | D:4      | Reached XP level 7. HP: 28/55 MP: 7/7
  3381 | D:4      | Found a sacrificial altar of Ru.
  3632 | D:5      | Entered Level 5 of the Dungeon
  3638 | D:5      | Found a staircase to the Ecumenical Temple.
  3704 | D:5      | Reached skill level 5 in Fighting
  3751 | D:5      | Reached skill level 11 in Polearms
  3751 | D:5      | Reached XP level 8. HP: 39/62 MP: 8/8
  3893 | D:5      | Found a sand-covered staircase.
  4078 | Ossuary  | Entered an ossuary
  4370 | Ossuary  | Reached skill level 12 in Polearms
  4716 | D:5      | Found a sparkling altar of Nemelex Xobeh.
  4972 | D:5      | Noticed a moth of wrath
  4975 | D:5      | Found a bloodstained altar of Trog.
  5203 | D:5      | Reached skill level 13 in Polearms
  5405 | D:5      | Reached XP level 9. HP: 65/69 MP: 9/9
  5546 | Temple   | Entered the Ecumenical Temple
  5628 | Temple   | Became a worshipper of Qazlal Stormbringer
  5628 | Temple   | Reached * piety under Qazlal
  5628 | Temple   | Reached ** piety under Qazlal
  6453 | D:6      | Reached skill level 1 in Invocations
  6455 | D:6      | Found a white marble altar of Elyvilon.
  6529 | D:6      | Found an opulent altar of Gozag.
  6529 | D:6      | Noticed an oklob plant
  7133 | D:6      | Killed an oklob plant
  7133 | D:6      | Reached skill level 14 in Polearms
  7519 | D:7      | Learned a level 1 spell: Animate Skeleton
  7521 | D:7      | Learned a level 1 spell: Apportation
  7579 | D:7      | Reached *** piety under Qazlal
  7607 | D:7      | Noticed Duvessa
  7616 | D:7      | Noticed Dowan
  7621 | D:7      | Killed Duvessa
  7710 | D:7      | Killed Dowan
  8100 | D:7      | Reached XP level 10. HP: 57/80 MP: 9/12
  8104 | D:7      | Found a deep blue altar of Sif Muna.
  8348 | D:8      | Noticed MenacingMecha's ghost (novice TeCj)
  8381 | D:8      | Killed MenacingMecha's ghost
  8381 | D:8      | Reached skill level 15 in Polearms
  8776 | D:9      | Reached **** piety under Qazlal
  9040 | D:9      | Noticed a cyclops
  9347 | D:9      | Killed a cyclops
  9347 | D:9      | Reached skill level 16 in Polearms
  9403 | D:9      | Noticed Joseph
  9412 | D:9      | Killed Joseph
  9494 | D:9      | Reached XP level 11. HP: 55/89 MP: 12/14
  9499 | D:9      | Noticed a two-headed ogre
  9513 | D:9      | Killed a two-headed ogre
  9513 | D:9      | Reached skill level 5 in Invocations
  9739 | D:9      | Reached skill level 17 in Polearms
  9919 | D:9      | Found a staircase to the Lair.
 10024 | D:9      | Found a staircase to the Orcish Mines.
 10165 | D:9      | Noticed a manticore
 10177 | D:9      | Killed a manticore
 10740 | D:10     | Entered Level 10 of the Dungeon
 10780 | D:10     | Noticed Maurice
 10812 | D:10     | Killed Maurice
 11353 | D:10     | Reached skill level 18 in Polearms
 11360 | D:10     | Reached ***** piety under Qazlal
 11464 | D:10     | Reached skill level 10 in Fighting
 11464 | D:10     | Reached skill level 10 in Dodging
 11679 | D:10     | Noticed a two-headed ogre
 11694 | D:10     | Killed a two-headed ogre
 11889 | D:11     | Noticed a manticore
 11894 | D:11     | Killed a manticore
 11894 | D:11     | Reached XP level 12. HP: 96/96 MP: 16/16
 11902 | D:11     | Noticed a two-headed ogre
 11926 | D:11     | Killed a two-headed ogre
 12095 | D:11     | Noticed Josephine
 12141 | D:11     | Killed Josephine
 12528 | D:11     | Reached skill level 19 in Polearms
 12579 | D:11     | Reached skill level 1 in Armour
 13147 | D:11     | Found a shattered altar of Ashenzari.
 13957 | D:12     | Noticed a two-headed ogre
 14345 | D:11     | Reached XP level 13. HP: 74/105 MP: 14/19
 14696 | D:12     | Reached ****** piety under Qazlal
 15695 | D:13     | Noticed a vault guard
 15741 | D:12     | Killed a vault guard
 15761 | D:13     | Noticed a vault guard
 15847 | D:12     | Killed a vault guard
 15908 | D:13     | Noticed a vault guard
 15968 | D:12     | Killed a vault guard
 16007 | D:13     | Noticed a vault guard
 16020 | D:13     | Killed a vault guard
 16219 | D:13     | Found a gate to the Vaults.
 16866 | D:14     | Reached XP level 14. HP: 117/117 MP: 21/21
 17052 | D:14     | Noticed Frances
 17063 | D:14     | Reached skill level 10 in Invocations
 17399 | D:14     | Found a sparkling altar of Nemelex Xobeh.
 17411 | D:14     | Found Kamar's Weapon Emporium.
 17477 | D:14     | Killed Frances
 17971 | D:15     | Entered Level 15 of the Dungeon
 18090 | D:15     | Found a white marble altar of Elyvilon.
 18090 | D:15     | Found a sparkling altar of Nemelex Xobeh.
 18091 | D:15     | Found an opulent altar of Gozag.
 18238 | D:15     | Noticed a frost giant
 18540 | D:15     | Killed a frost giant
 18540 | D:15     | Reached skill level 5 in Armour
 19011 | D:15     | Shot with a bolt by a yaktaur captain

Skill      XL: |  1  2  3  4  5  6  7  8  9 10 11 12 13 14 |
---------------+-------------------------------------------+-----
Polearms       | 5 6 8 10 11 13 14 16 18 19 | 19.5
Fighting       | 4 5 6 7 9 10 11 13 14 | 14.7
Dodging        | 5 6 8 9 10 11 13 | 13.7
Invocations    | 3 4 6 8 9 10 | 10.6
Armour         | 3 4 5 |  5.1
Stealth        | |  2.1

Action                   |  1- 3 |  4- 6 |  7- 9 | 10-12 | 13-15 || total
-------------------------+-------+-------+-------+-------+-------++-------
Melee: Spear             |   146 |   171 |   984 |    93 |       ||  1394
       Tailslap          |       |       |     4 |     2 |     2 ||     8
       Halberd           |       |       |       |   736 |   651 ||  1387
  Use: Potion            |     1 |     4 |     7 |     4 |     2 ||    18
       Scroll            |       |       |    13 |    12 |     3 ||    28
 Stab: Sleeping          |     6 |     3 |    11 |       |       ||    20
       Distracted        |     2 |       |     1 |       |       ||     3
  Eat: Chunk             |     1 |     6 |     9 |    14 |    11 ||    41
       Ration            |       |       |     2 |     2 |     1 ||     5
Armor: Robe              |    11 |    13 |    39 |    23 |       ||    86
       Skin              |       |       |     7 |       |       ||     7
       Leather armour    |       |       |       |    14 |       ||    14
       Troll leather arm |       |       |       |       |    13 ||    13
       Scale mail        |       |       |       |       |    20 ||    20
Dodge: Dodged            |    74 |    70 |   278 |   404 |   183 ||  1009
       Deflected         |       |       |       |     8 |    16 ||    24
Block: Other             |       |       |     8 |   164 |   184 ||   356
       Reflection        |       |       |       |       |    14 ||    14
